[Event "GEO-ch 1st League 2021"]
[Site "Tbilisi"]
[Date "2021.03.29"]
[Round "1.9"]
[White "Morchiashvili, Bachana"]
[Black "Shapovalovi, Vasiko"]
[Result "1-0"]
[ECO "E18"]
[WhiteElo "2313"]
[BlackElo "1741"]
[Annotator "RC"]
[PlyCount "105"]
[EventDate "2021.03.29"]
[EventType "swiss"]
[EventCountry "GEO"]
[SourceTitle "playchess.com"]
[Source "ChessBase"]
[SourceQuality "1"]
[TimeControl "5400+30"]

1. d4 e6 2. Nf3 Nf6 3. c4 b6 4. g3 Bb7 5. Bg2 Be7 6. O-O O-O 7. Nc3 Ne4 8. Bd2 d6 9. d5 Nxd2 10. Nxd2 e5 11. f4 Nd7 12. Nf3 Bf6 13. Qd2 Re8 14. Rae1 e4 15. Nd4 e3 16. Qd1 Bxd4 17. Qxd4 Qf6 18. Rd1 Ba6 19. Bh3 Qxd4 20. Rxd4 Nf6 21. Rf3 Re7 22. b3 Rae8 23. Bf5 g6 24. Bc2 Bc8 25. Kg2 Ng4 26. Nd1 Nh6 27. h3 Bf5 28. Bd3 Bd7 29. Nc3 Nf5 30. Bxf5 Bxf5 31. Rf1 h5 32. Rh1 Kg7 33. Kf3 Rh8 34. Rdd1 a6 35. g4 Bc2 36. Rc1 hxg4+ 37. hxg4 Rxh1 38. Rxh1 f5 39. g5 Kf8 40. Rh8+ Kg7 41. Ra8 a5 42. Rc8 Kf7 43. Rh8 Kg7 44. Rb8 Kf7 45. Kg3 Kg7 46. Rc8 Kf7 47. Rh8 Be4 48. Rh7+ Ke8 49. Rxe7+ Kxe7 50. Nxe4 fxe4 51. Kg4 Kf7 52. f5 Kg7 53. f6+ 1-0

[Event "GEO-ch 1st League 2021"]
[Site "Tbilisi"]
[Date "2021.03.30"]
[Round "2.2"]
[White "Azaladze, Shota"]
[Black "Donghvani, Nia"]
[Result "1-0"]
[ECO "A02"]
[WhiteElo "2439"]
[BlackElo "1985"]
[Annotator "ChessBase"]
[PlyCount "106"]
[EventDate "2021.03.29"]
[EventType "swiss"]
[EventCountry "GEO"]
[SourceTitle "playchess.com"]
[Source "ChessBase"]
[SourceQuality "1"]
[TimeControl "5400+30"]

1. b3 c5 2. Bb2 Nc6 3. f4 d5 4. Nf3 d4 5. g3 Nf6 6. Bg2 g6 7. O-O Bg7 8. Na3 O-O 9. Nc4 Rb8 10. e3 Bf5 11. Re1 d3 12. cxd3 Bxd3 13. Nfe5 Nb4 14. a3 Na6 15. Nxd3 Qxd3 16. Be5 Nd7 17. Bxb8 Bxa1 18. Bxa7 b5 19. Bf1 Qe4 20. Na5 Bf6 21. Bxb5 Qa8 22. Bxd7 Qxa7 23. Bg4 Nc7 24. Nc4 Rd8 25. Bf3 h5 26. Qc2 Kg7 27. Rc1 e6 28. Kf2 Nd5 29. Ke2 Qa6 30. Ke1 Nb6 31. Nxb6 Qxb6 32. Qc4 Bb2 33. Qxc5 Qxb3 34. Rb1 Qxa3 35. Qxa3 Bxa3 36. Ke2 Rc8 37. Rb7 Rc2 38. Rb3 Ra2 39. Be4 Be7 40. Bb1 Ra7 41. d4 Ra3 42. Rb7 Bf8 43. h3 Ra4 44. Be4 Rb4 45. Rc7 Rb2+ 46. Kf3 Rd2 47. Rb7 Ra2 48. Bc6 Kf6 49. Be8 Be7 50. g4 hxg4+ 51. hxg4 e5 52. dxe5+ Ke6 53. Rb6+ Kd5 1-0

[Event "GEO-ch 1st League 2021"]
[Site "Tbilisi"]
[Date "2021.03.30"]
[Round "2.3"]
[White "Lomaia, Diana"]
[Black "Arabidze, Meri"]
[Result "0-1"]
[ECO "E03"]
[WhiteElo "1946"]
[BlackElo "2437"]
[Annotator "NA"]
[PlyCount "88"]
[EventDate "2021.03.29"]
[EventType "swiss"]
[EventCountry "GEO"]
[SourceTitle "playchess.com"]
[Source "ChessBase"]
[SourceQuality "1"]
[TimeControl "5400+30"]

1. d4 Nf6 2. c4 e6 3. g3 d5 4. Nf3 dxc4 5. Qa4+ Nbd7 6. Bg2 a6 7. Qxc4 b5 8. Qd3 Bb7 9. O-O c5 10. Nh4 Bxg2 11. Nxg2 cxd4 12. Qxd4 Bc5 13. Qh4 O-O 14. Be3 Be7 15. Bd4 Rc8 16. Nc3 {[%emt 0:03:57] [#]} (16. Ne3 $17 {was worth a try.}) 16... Rc4 $19 17. Ne3 Nd5 18. Qg4 N7f6 19. Qh4 Nxe3 20. fxe3 e5 21. b3 exd4 22. bxc4 dxc3 23. cxb5 axb5 24. Rac1 b4 25. Qd4 Qxd4 26. exd4 Ra8 27. Rc2 Nd5 28. Rf3 f5 29. Kf2 g6 30. Rd3 Bg5 31. h4 Bd2 32. Kf3 Re8 33. Rcxd2 cxd2 34. Rxd2 Re3+ 35. Kf2 Ra3 36. Rb2 Kf7 37. Kg2 Ke6 38. Kf2 Kd6 39. e3 Kc6 40. Rc2+ Nc3 41. Kf3 Rxa2 42. Rc1 Kd5 43. g4 Ne4 44. Kf4 Rf2# 0-1

[Event "GEO-ch 1st League 2021"]
[Site "Tbilisi"]
[Date "2021.03.30"]
[Round "2.4"]
[White "Bagaturov, Giorgi"]
[Black "Adamia, Jaba"]
[Result "1-0"]
[ECO "E18"]
[WhiteElo "2431"]
[BlackElo "1899"]
[Annotator "NA"]
[PlyCount "97"]
[EventDate "2021.03.29"]
[EventType "swiss"]
[EventCountry "GEO"]
[SourceTitle "playchess.com"]
[Source "ChessBase"]
[SourceQuality "1"]
[TimeControl "5400+30"]

1. d4 Nf6 2. Nf3 e6 3. c4 b6 4. g3 Bb7 5. Bg2 Be7 6. O-O O-O 7. Re1 d6 8. Nc3 Ne4 9. Qc2 (9. Ng5 $5 Bxg5 10. Bxg5 (10. Bxe4 Bxe4 11. Bxg5 Qxg5 $14 12. Nxe4 Qa5 $14) (10. Nxe4 Bxc1 11. Rxc1 Nd7 $14) 10... Qxg5 11. Nxe4 Bxe4 12. Bxe4 $14) 9... f5 10. d5 Nxc3 11. Qxc3 e5 12. e4 Bc8 13. Be3 $11 Qe8 14. exf5 Bxf5 15. Ng5 Bxg5 16. Bxg5 Qg6 17. Be3 Nd7 18. b4 Nf6 19. c5 Be4 20. Qc4 Bxg2 21. Kxg2 Qh5 22. f3 e4 23. f4 Qxd5 24. Qxd5+ Nxd5 25. cxd6 Nxb4 26. Re2 cxd6 27. Bd2 Nd3 28. Rxe4 Rfe8 29. Kf3 Nc5 30. Rd4 Re6 31. f5 Rf8 32. g4 g6 33. Bf4 gxf5 34. Bxd6 fxg4+ 35. Kg2 Re2+ 36. Kh1 Rff2 37. Rxg4+ Kf7 38. Rh4 Ne4 39. Bg3 Nxg3+ 40. hxg3 Kg6 41. a4 h5 42. g4 hxg4 43. Rxg4+ Kf6 44. Rh4 Ra2 45. Re1 Kg5 46. Rh8 Kf4 47. Rf8+ Kg3 48. Rg1+ Rg2 49. Rxg2+ 1-0

[Event "GEO-ch 1st League 2021"]
[Site "Tbilisi"]
[Date "2021.03.30"]
[Round "2.5"]
[White "Mindiashvili, Tengiz"]
[Black "Tutisani, Noe"]
[Result "0-1"]
[ECO "B43"]
[WhiteElo "1923"]
[BlackElo "2427"]
[Annotator "NA"]
[PlyCount "104"]
[EventDate "2021.03.29"]
[EventType "swiss"]
[EventCountry "GEO"]
[SourceTitle "playchess.com"]
[Source "ChessBase"]
[SourceQuality "1"]
[TimeControl "5400+30"]

1. e4 c5 2. Nf3 e6 3. d4 cxd4 4. Nxd4 a6 5. Nc3 b5 6. Bd3 Qb6 7. Nb3 Qc7 8. Qe2 Bb7 9. O-O b4 10. Nd1 Nf6 11. e5 Nd5 12. f4 Nc6 13. Ne3 Nb6 14. Nc4 ({Better is} 14. Bd2 $14) 14... Nxc4 15. Bxc4 Rc8 16. Bd3 ({Don't go for} 16. Bxa6 $2 Qb6+ {[%mdl 64] Double Attack} 17. Be3 Bxa6 $19) 16... a5 17. Be3 a4 18. Nd2 Ne7 19. Ne4 Nf5 20. Bf2 Bxe4 21. Bxe4 Bc5 22. Qd3 g6 23. Rad1 d5 $11 24. exd6 Nxd6 25. Bf3 O-O 26. Bxc5 Qxc5+ 27. Qd4 Nc4 28. Qxc5 Rxc5 29. Rd4 Rb8 30. c3 b3 31. axb3 Rxb3 32. f5 gxf5 33. Rd8+ Kg7 34. Ra8 Nxb2 35. Ra7 Rbxc3 36. g4 f4 37. h4 h6 38. h5 a3 39. Be4 Rg3+ 40. Kh2 Rxg4 41. Bg6 Kf6 42. Rxf7+ Kg5 43. Ra7 Rc3 44. Rg1 Rxg1 45. Kxg1 Nc4 46. Kf2 Ne5 47. Ra5 Kf6 48. Be4 Re3 49. Ra4 Kg5 50. Bb1 Ng4+ 51. Kf1 Rc3 52. Be4 f3 0-1

[Event "GEO-ch 1st League 2021"]
[Site "Tbilisi"]
[Date "2021.03.30"]
[Round "2.6"]
[White "Esadze, Tamari"]
[Black "Lortkipanidze, Nodar"]
[Result "0-1"]
[ECO "B78"]
[WhiteElo "1889"]
[BlackElo "2416"]
[Annotator "ChessBase"]
[PlyCount "54"]
[EventDate "2021.03.29"]
[EventType "swiss"]
[EventCountry "GEO"]
[SourceTitle "playchess.com"]
[Source "ChessBase"]
[SourceQuality "1"]
[TimeControl "5400+30"]

1. e4 c5 2. Nf3 d6 3. d4 cxd4 4. Nxd4 Nf6 5. Nc3 g6 6. Be3 Bg7 7. f3 Nc6 8. Qd2 O-O 9. Bc4 Bd7 10. O-O-O Rb8 11. h4 b5 12. Nxc6 Bxc6 13. Bd5 b4 14. Ne2 Bxd5 15. exd5 Qa5 16. Kb1 Rb5 17. Nf4 Rc8 18. g4 Rc3 19. Bd4 Rxf3 20. Rhe1 Rxf4 21. Qxf4 Nxd5 22. Qe4 Nc3+ 23. Bxc3 bxc3 24. Qa8+ Bf8 25. Kc1 Rxb2 26. Rd3 Rxa2 27. Kd1 Ra1+ 0-1

[Event "GEO-ch 1st League 2021"]
[Site "Tbilisi"]
[Date "2021.03.30"]
[Round "2.7"]
[White "Akhvlediani, Irakli"]
[Black "Qalichava, Akaki"]
[Result "1-0"]
[ECO "E15"]
[WhiteElo "2355"]
[BlackElo "1877"]
[Annotator "NA"]
[PlyCount "107"]
[EventDate "2021.03.29"]
[EventType "swiss"]
[EventCountry "GEO"]
[SourceTitle "playchess.com"]
[Source "ChessBase"]
[SourceQuality "1"]
[TimeControl "5400+30"]

1. d4 Nf6 2. c4 e6 3. Nf3 b6 4. g3 Ba6 5. Nbd2 Bb7 6. Bg2 c5 7. e4 cxd4 8. O-O d6 9. Nxd4 a6 10. Re1 Qc7 11. a4 Nbd7 12. a5 bxa5 13. N2b3 a4 14. Rxa4 Nc5 15. Na5 $16 Bxe4 16. Bxe4 Ncxe4 17. Qf3 d5 18. cxd5 exd5 19. Nf5 Qe5 20. Nc4 Qc7 21. Nce3 O-O-O 22. Rxa6 Bc5 23. Rd1 Qb7 24. Ra1 Ng5 25. Qg2 d4 26. Qxb7+ Kxb7 27. Nc4 Ne6 28. b4 Bb6 29. Nfd6+ Kc7 30. Nxf7 Ra8 31. Rxa8 Rxa8 32. Nxb6 Kxb6 33. Bb2 Rf8 34. Ne5 Rd8 35. Nf3 d3 36. Bxf6 gxf6 37. Ne1 d2 38. Nf3 Kb5 39. Rxd2 Rxd2 40. Nxd2 Kxb4 41. Ne4 f5 42. Nf6 h6 43. Ng8 h5 44. Nf6 Ng7 45. Kg2 Kc5 46. Kf3 Ne6 47. Nxh5 Kd6 48. h4 Ke5 49. Ke3 Nf8 50. Nf4 Kf6 51. Kd4 Nd7 52. Kd5 Nb6+ 53. Kc5 Nd7+ 54. Kd6 1-0

[Event "GEO-ch 1st League 2021"]
[Site "Tbilisi"]
[Date "2021.03.30"]
[Round "2.8"]
[White "Elashvili, Giorgi"]
[Black "Morchiashvili, Bachana"]
[Result "0-1"]
[ECO "A05"]
[WhiteElo "1857"]
[BlackElo "2313"]
[Annotator "NA"]
[PlyCount "102"]
[EventDate "2021.03.29"]
[EventType "swiss"]
[EventCountry "GEO"]
[SourceTitle "playchess.com"]
[Source "ChessBase"]
[SourceQuality "1"]
[TimeControl "5400+30"]

1. Nf3 Nf6 2. g3 g6 3. b3 Bg7 4. Bb2 O-O 5. Bg2 d5 6. O-O c5 7. c4 d4 8. b4 Re8 9. bxc5 e5 10. e3 Nc6 11. Re1 $15 Be6 12. d3 Nd7 13. exd4 exd4 14. Nbd2 Nxc5 15. Nb3 Na4 16. Qd2 h6 17. Re4 Nc3 18. Ree1 Qf6 19. Nh4 g5 20. Nf3 Bg4 21. Nfxd4 Nxd4 22. Qxc3 Nxb3 23. Qxf6 Bxf6 24. Bxf6 Nxa1 25. Rxa1 Re6 26. Bc3 Rd8 27. Be4 Be2 28. Bd5 Ra6 29. a4 g4 30. Bxb7 Rad6 31. Ba5 Re8 32. Bd5 Bf3 33. Bc7 Rd7 34. Bf4 Bxd5 35. cxd5 Rxd5 36. Be3 a5 37. Ra3 h5 38. Rc3 Red8 39. d4 Rb8 40. Ra3 Rb4 41. Kf1 Kh7 42. Ke2 Kg6 43. Kd3 Kf5 44. Ra1 Ke6 45. Ke4 f5+ 46. Kd3 h4 47. Kc3 h3 48. Kd3 Rd7 49. Kc3 Kd5 50. Kd3 Rc7 51. Ra3 Rcc4 0-1

[Event "GEO-ch 1st League 2021"]
[Site "Tbilisi"]
[Date "2021.03.30"]
[Round "2.9"]
[White "Tsanatsqenishvili, Alexandre"]
[Black "Lomsadze, Davit"]
[Result "0-1"]
[ECO "B09"]
[WhiteElo "1702"]
[BlackElo "2303"]
[Annotator "NA"]
[PlyCount "90"]
[EventDate "2021.03.29"]
[EventType "swiss"]
[EventCountry "GEO"]
[SourceTitle "playchess.com"]
[Source "ChessBase"]
[SourceQuality "1"]
[TimeControl "5400+30"]

1. e4 g6 2. d4 Bg7 3. Nc3 d6 4. f4 Nc6 5. Be3 Nf6 6. Nf3 O-O 7. e5 {[%emt 0:01:57] 7.Qd2 is becoming the main line.} Ng4 8. Bg1 d5 ({Black should play} 8... dxe5 $14 9. dxe5 Be6) 9. h3 Nh6 10. g4 f6 11. Bg2 fxe5 12. fxe5 e6 13. Be3 {[%emt 0:01:01] [#]} Nf7 $146 ({Predecessor:} 13... Na5 14. Bg5 Qe8 15. O-O Nf7 16. Bf6 Bxf6 17. exf6 Nc4 18. Qc1 Qd8 19. b3 Ncd6 {1-0 (39) Cvetanovic,U (2295)-Colovic,D (2296) Kragujevac 2018}) 14. Ne2 Na5 15. b3 c5 16. c3 Nc6 17. Qd3 Bd7 18. h4 (18. O-O $14) 18... cxd4 19. cxd4 $11 Rc8 (19... Nh6 $11 20. Bxh6 Bxh6) 20. a3 Qa5+ 21. Qd2 Qb5 22. b4 Nfxe5 23. dxe5 Rxf3 24. Bxf3 Nxe5 25. Kf2 Rf8 26. Nd4 Nxf3 27. Nxf3 d4 28. Rae1 Bc6 29. Rh3 Qd5 30. Qd1 dxe3+ 31. Kxe3 Qe4+ 32. Kf2 Qxg4 33. Rg3 Qxh4 34. Rh1 Rxf3+ 35. Qxf3 Bd4+ 36. Kf1 Qxh1+ 37. Qxh1 Bxh1 38. Rh3 Bc6 39. Ke2 e5 40. Kd3 Kg7 41. Kc4 a6 42. Kd3 g5 43. Rh2 Kg6 44. Rc2 g4 45. a4 g3 0-1

[Event "GEO-ch 1st League 2021"]
[Site "Tbilisi"]
[Date "2021.03.30"]
[Round "2.10"]
[White "Petriashvili, Nikoloz"]
[Black "Kachkachishvili, Lasha"]
[Result "1-0"]
[ECO "E12"]
[WhiteElo "2425"]
[BlackElo "1681"]
[Annotator "NA"]
[PlyCount "57"]
[EventDate "2021.03.29"]
[EventType "swiss"]
[EventCountry "GEO"]
[SourceTitle "playchess.com"]
[Source "ChessBase"]
[SourceQuality "1"]
[TimeControl "5400+30"]

1. d4 Nf6 2. c4 e6 3. Nf3 b6 4. a3 Bb7 5. Nc3 d5 6. cxd5 Nxd5 7. e3 Nd7 8. Qa4 Nxc3 9. bxc3 Bd6 10. Bd3 O-O 11. Qc2 h6 12. e4 e5 13. O-O c5 (13... Rc8 $11) 14. d5 f5 15. Nd2 fxe4 16. Nxe4 Nf6 17. c4 b5 18. cxb5 $16 Bxd5 19. Bc4 Bxc4 20. Qxc4+ Kh8 21. Nxd6 Qxd6 22. Be3 Rac8 23. Rfd1 Qc7 24. Rac1 Qb7 25. a4 e4 26. Bxc5 Ng4 27. Qe2 Rxc5 28. Rxc5 Qb6 29. Rc6 1-0

[Event "GEO-ch 1st League 2021"]
[Site "Tbilisi"]
[Date "2021.03.30"]
[Round "2.11"]
[White "Chkhaidze, Nikoloz"]
[Black "Giorgadze, Giorgi"]
[Result "1-0"]
[ECO "D46"]
[WhiteElo "2307"]
[BlackElo "2584"]
[Annotator "ChessBase"]
[PlyCount "51"]
[EventDate "2021.03.29"]
[EventType "swiss"]
[EventCountry "GEO"]
[SourceTitle "playchess.com"]
[Source "ChessBase"]
[SourceQuality "1"]
[TimeControl "5400+30"]

1. d4 d5 2. c4 c6 3. Nc3 Nf6 4. e3 e6 5. Nf3 Nbd7 6. Qc2 Be7 7. Bd3 dxc4 8. Bxc4 O-O 9. O-O b5 10. Bd3 a6 11. e4 h6 12. Qe2 e5 13. dxe5 Ng4 14. Bf4 Qc7 15. Rac1 Bc5 16. b4 Ba7 17. Nd5 Qd8 18. Rxc6 Bb7 19. Rd6 Bb8 20. Rxd7 Qxd7 21. h3 Bxd5 22. exd5 Nxe5 23. Nxe5 Bxe5 24. Qxe5 Rfe8 25. Qd4 Rad8 26. d6 1-0

[Event "GEO-ch 1st League 2021"]
[Site "Tbilisi"]
[Date "2021.03.30"]
[Round "2.12"]
[White "Volkov, Nika"]
[Black "Safarov, Deniel"]
[Result "1-0"]
[ECO "D02"]
[WhiteElo "2084"]
[BlackElo "1720"]
[Annotator "NA"]
[PlyCount "87"]
[EventDate "2021.03.29"]
[EventType "swiss"]
[EventCountry "GEO"]
[SourceTitle "playchess.com"]
[Source "ChessBase"]
[SourceQuality "1"]
[TimeControl "5400+30"]

1. d4 Nf6 2. Nf3 e6 3. Bf4 d5 4. e3 c5 5. c3 Nc6 6. Nbd2 Bd6 7. Bg5 O-O 8. Bd3 h6 9. Bh4 Qe7 10. dxc5 Bxc5 11. e4 g5 12. Bg3 dxe4 13. Nxe4 Nxe4 14. Bxe4 f5 15. Bxc6 bxc6 16. b4 $15 ({Better is} 16. Be5 $1 $11) 16... Bxb4 17. cxb4 Qxb4+ 18. Qd2 Qxd2+ 19. Nxd2 f4 20. f3 fxg3 21. hxg3 Kg7 22. Rc1 Rb8 23. Nb3 a5 24. Rc4 Ba6 25. Rxc6 a4 26. Nd2 Rfc8 27. Rxc8 Rxc8 28. Kd1 Bc4 29. Nxc4 Rxc4 30. Kd2 Kg6 31. Rb1 e5 32. Rb6+ Kh5 33. a3 Rd4+ 34. Kc3 Rd1 35. Rb2 g4 36. Re2 gxf3 37. gxf3 Rd5 38. Re4 Kg5 39. Rxe5+ Rxe5 40. f4+ Kf5 41. fxe5 Kxe5 42. Kb4 Kf5 43. Kxa4 Kg4 44. Kb4 1-0

[Event "GEO-ch 1st League 2021"]
[Site "Tbilisi"]
[Date "2021.03.31"]
[Round "3.1"]
[White "Tutisani, Noe"]
[Black "Nigalidze, Gaioz"]
[Result "1/2-1/2"]
[ECO "B87"]
[WhiteElo "2427"]
[BlackElo "2480"]
[Annotator "ChessBase"]
[PlyCount "61"]
[EventDate "2021.03.29"]
[EventType "swiss"]
[EventCountry "GEO"]
[SourceTitle "playchess.com"]
[Source "ChessBase"]
[SourceQuality "1"]
[TimeControl "5400+30"]

1. e4 c5 2. Nf3 d6 3. d4 cxd4 4. Nxd4 Nf6 5. Nc3 a6 6. Bc4 e6 7. Bb3 b5 8. Qe2 Qb6 9. Be3 Qb7 10. Bg5 b4 11. Nd5 exd5 12. Bxf6 gxf6 13. Bxd5 Qb6 14. O-O-O Ra7 15. Qh5 Rc7 16. Rhe1 Rg8 17. Qxh7 Rg7 18. Qh8 Qc5 19. Rd2 Re7 20. Nb3 Qb6 21. f4 Nc6 22. Red1 Rc7 23. Kb1 Bg4 24. Re1 Re7 25. h4 Rg6 26. Rh1 f5 27. Qh7 Rg7 28. Qh6 Rg6 29. Qh7 Rg7 30. Qh6 Rg6 31. Qh7 1/2-1/2

[Event "GEO-ch 1st League 2021"]
[Site "Tbilisi"]
[Date "2021.03.31"]
[Round "3.2"]
[White "Lortkipanidze, Nodar"]
[Black "Azaladze, Shota"]
[Result "1/2-1/2"]
[ECO "B22"]
[WhiteElo "2416"]
[BlackElo "2439"]
[Annotator "NA"]
[PlyCount "179"]
[EventDate "2021.03.29"]
[EventType "swiss"]
[EventCountry "GEO"]
[SourceTitle "playchess.com"]
[Source "ChessBase"]
[SourceQuality "1"]
[TimeControl "5400+30"]

1. e4 c5 2. c3 Nf6 3. e5 Nd5 4. Nf3 Nc6 5. d4 cxd4 6. cxd4 d6 7. Bc4 Nb6 8. Bb5 Bd7 9. Nc3 dxe5 10. dxe5 g6 11. a4 a6 12. Be2 Bg4 13. Be3 Qxd1+ 14. Rxd1 Nd7 15. h3 Bxf3 16. e6 fxe6 17. Bxf3 Nde5 18. Be2 Bg7 19. O-O Rd8 20. Ne4 Nf7 21. Nc5 Rxd1 $1 22. Rxd1 Nd6 23. Bf3 Kf7 24. b3 {[%emt 0:07:59] Remove Defender} (24. Nxb7 $5 Nxb7 25. Bxc6 $11) 24... Rc8 25. g4 Rc7 26. Kg2 Nb4 27. Ne4 Nxe4 28. Bxe4 Nd5 29. Bxd5 exd5 30. Rxd5 Rc3 31. b4 Ke6 32. Rd8 $11 Rc4 33. b5 Rxa4 34. Rb8 axb5 35. Rxb7 b4 36. Bc5 Bc3 37. Rxe7+ Kd5 38. Bxb4 Rxb4 39. Rxh7 Ke6 40. Rc7 Be5 41. Rc2 Bd6 42. Re2+ Kf7 43. Rd2 Be7 44. Re2 Bh4 45. Rc2 Kf6 46. Re2 Rf4 47. Kg1 Kg5 48. Re5+ Kh6 49. Re2 Rf7 50. Kg2 Kg5 51. Ra2 Kf4 52. Ra6 g5 53. Ra4+ Ke5 54. Ra5+ Kd6 55. Ra2 Rf4 56. Rb2 Kd5 57. Ra2 Rf8 58. Rb2 Kc4 59. Ra2 Kb3 60. Re2 Kc3 61. Ra2 Re8 62. Kf3 Re1 63. Kg2 Rd1 64. Re2 Rd4 65. Ra2 Kb3 66. Re2 Rd7 67. Kf3 Ra7 68. Kg2 Kc3 69. Kf1 Kd3 70. Rb2 Ra1+ 71. Kg2 Re1 72. Kf3 Re8 73. Ra2 Rf8+ 74. Kg2 Rf7 75. Rb2 Re7 76. Kf3 Ra7 77. Kg2 Kc3 78. Re2 Kd3 79. Rb2 Ra3 80. Kf1 Ra1+ 81. Kg2 Re1 82. Kf3 Rd1 83. Kg2 Rd2 84. Rxd2+ Kxd2 85. f4 gxf4 86. Kf3 Bg5 87. h4 Bxh4 88. Kxf4 Kd3 89. g5 Bxg5+ 90. Kxg5 1/2-1/2

[Event "GEO-ch 1st League 2021"]
[Site "Tbilisi"]
[Date "2021.03.31"]
[Round "3.4"]
[White "Morchiashvili, Bachana"]
[Black "Bagaturov, Giorgi"]
[Result "1-0"]
[ECO "E15"]
[WhiteElo "2313"]
[BlackElo "2431"]
[Annotator "NA"]
[PlyCount "91"]
[EventDate "2021.03.29"]
[EventType "swiss"]
[EventCountry "GEO"]
[SourceTitle "playchess.com"]
[Source "ChessBase"]
[SourceQuality "1"]
[TimeControl "5400+30"]

1. d4 e6 2. Nf3 Nf6 3. c4 b6 4. g3 Ba6 5. Qc2 Bb4+ 6. Bd2 Be7 7. Bg2 O-O {[%emt 0:03:12] 7...c6 gains popularity.} 8. O-O d5 9. Ne5 c6 10. Rd1 Nfd7 11. cxd5 cxd5 {[%emt 0:18:50] [#]} 12. Be1 $146 ({Predecessor:} 12. e4 Nxe5 13. exd5 Be2 14. dxe5 Bxd1 15. Qxd1 exd5 16. Nc3 Nc6 17. Nxd5 Nxe5 18. Bc3 {½-½ (41) Tomashevsky,E (2710)-Alekseev,E (2662) Saratov 2011}) 12... Nxe5 13. dxe5 Nd7 14. e4 Rc8 15. Nc3 d4 16. Rxd4 Qc7 17. Rad1 Nxe5 {[%emt 0:03:08] [#]} (17... Rfd8 $11) 18. Qa4 $1 Qb7 {[%emt 0:10:06] [#]} (18... Bc4 $16 {keeps fighting.}) 19. Rd7 $18 Nxd7 20. Rxd7 Rc7 21. Rxc7 Qxc7 22. Qxa6 Rd8 23. Bf3 h6 24. Kg2 Rd7 25. h4 Bf6 26. Qa4 Be5 27. h5 Qc8 28. Qb5 Qc7 29. Be2 Bd4 30. Qc4 Qd8 31. Qa4 Bf6 32. Bb5 Rd4 33. Qc2 Qc8 34. Be2 Qc5 35. f4 Rd8 36. e5 Be7 37. Qe4 Qc8 38. Bd3 Bc5 39. Qh7+ Kf8 40. Be4 Qd7 41. b4 Be3 42. Qh8+ Ke7 43. Qxg7 Bd2 44. f5 Rc8 45. Qf6+ Ke8 46. Qh8+ 1-0

[Event "GEO-ch 1st League 2021"]
[Site "Tbilisi"]
[Date "2021.03.31"]
[Round "3.6"]
[White "Siprashvili, Ivane"]
[Black "Petriashvili, Nikoloz"]
[Result "0-1"]
[ECO "D00"]
[WhiteElo "2075"]
[BlackElo "2425"]
[Annotator "NA"]
[PlyCount "108"]
[EventDate "2021.03.29"]
[EventType "swiss"]
[EventCountry "GEO"]
[SourceTitle "playchess.com"]
[Source "ChessBase"]
[SourceQuality "1"]
[TimeControl "5400+30"]

1. d4 Nf6 2. Nf3 g6 3. Nc3 d5 4. Bg5 Bg7 5. Bxf6 Bxf6 6. e4 c6 7. h3 O-O 8. e5 Bg7 9. Qd2 f6 10. exf6 exf6 11. Be2 Qd6 12. O-O Be6 13. Rfe1 Nd7 14. Bd3 Bf7 15. Ne2 a5 16. a4 Nb6 17. c3 Rfe8 18. Qc2 Bh6 19. Ng3 Red8 20. h4 Nd7 21. h5 f5 22. hxg6 hxg6 23. Bxf5 gxf5 24. Nxf5 Qf6 $1 25. Ne5 (25. Nxh6+ $11 Qxh6 26. Qf5) 25... Nxe5 26. dxe5 Qe6 27. Nd4 (27. Rad1 $17 Bg5 28. Nd4) 27... Qg4 28. f3 Qh5 29. e6 (29. g4 $142 Qg5 30. Qf2) 29... Bg6 30. Qf2 Bf4 31. g3 Bd6 32. Kg2 Rf8 33. Re2 Qg5 34. e7 {[%emt 0:00:53] [#]} Rf6 $17 ({Much less strong is} 34... Bxe7 35. Ne6 $17) (34... Rfe8 $1 $19 35. f4 Qf6) 35. Ne6 Qf5 36. g4 Qxe6 37. Rxe6 Rxe6 38. Re1 Rxe1 39. Qxe1 Kf7 40. Qe3 Re8 41. Kf2 Rxe7 42. Qd4 Be5 43. Qd2 Kg7 44. Kg2 Rf7 45. Qe3 Bf4 46. Qb6 Re7 47. Qd4+ Be5 48. Qd2 Bc7 49. Kh3 Kg8 50. Qg5 Kf7 51. Qd2 Re8 52. f4 Be4 53. Kg3 Ke7 54. Kf2 Bxf4 0-1

[Event "GEO-ch 1st League 2021"]
[Site "Tbilisi"]
[Date "2021.03.31"]
[Round "3.8"]
[White "Donghvani, Nia"]
[Black "Tsotsonava, Elene"]
[Result "0-1"]
[ECO "B33"]
[WhiteElo "1985"]
[BlackElo "1805"]
[Annotator "NA"]
[PlyCount "50"]
[EventDate "2021.03.29"]
[EventType "swiss"]
[EventCountry "GEO"]
[SourceTitle "playchess.com"]
[Source "ChessBase"]
[SourceQuality "1"]
[TimeControl "5400+30"]

1. e4 c5 2. Nf3 Nc6 3. d4 cxd4 4. Nxd4 Nf6 5. Nc3 e5 6. Ndb5 d6 7. Nd5 Nxd5 8. exd5 Ne7 9. c4 Ng6 10. Be2 Be7 {[%emt 0:02:26] 10...Be7 is better than 10...a6.} 11. O-O a6 12. Nc3 O-O 13. Be3 f5 14. Na4 f4 15. Bb6 Qe8 $1 16. Nc3 Nh4 {[%emt 0:14:09] [#]} 17. f3 $146 ({Predecessor:} 17. Bh5 g6 18. Bg4 f3 19. Bxf3 Rxf3 20. gxf3 Qd7 21. Kh1 Qh3 22. Rg1 Nxf3 23. Rg2 {0-1 (30) Lorincz,O (2104)-Vanczak,A (2230) Hungary 2003}) 17... Qg6 18. Rf2 Bf5 19. b4 {[%emt 0:07:49] [#]} (19. Bf1 $11) 19... e4 $1 20. Nxe4 Bxe4 21. fxe4 f3 22. Bxf3 $2 (22. Bf1 $17 fxg2 23. Rxg2 Nxg2 24. Bxg2) 22... Rxf3 $19 {[%emt 0:01:16] Pin} 23. Qf1 Raf8 24. Rxf3 Nxf3+ 25. Kh1 Nxh2 0-1

[Event "GEO-ch 1st League 2021"]
[Site "Tbilisi"]
[Date "2021.03.31"]
[Round "3.9"]
[White "Tskipurishvili, Daviti"]
[Black "Lomaia, Diana"]
[Result "1/2-1/2"]
[ECO "D24"]
[WhiteElo "1807"]
[BlackElo "1946"]
[Annotator "NA"]
[PlyCount "81"]
[EventDate "2021.03.29"]
[EventType "swiss"]
[EventCountry "GEO"]
[SourceTitle "playchess.com"]
[Source "ChessBase"]
[SourceQuality "1"]
[TimeControl "5400+30"]

1. d4 d5 2. Nf3 Nf6 3. c4 dxc4 4. Nc3 a6 5. a4 Nc6 6. e3 Na5 7. Ne5 Be6 8. Be2 g6 9. h4 h5 10. e4 c6 11. Be3 Bg7 12. Qc2 Ng4 13. Nxg4 hxg4 14. Rd1 Qc7 15. d5 cxd5 16. Nxd5 Bxd5 17. Rxd5 Rh5 18. b4 Rxd5 19. exd5 Nb3 20. Qxc4 (20. h5 $5 Nd4 21. Bxd4 Bxd4 22. hxg6 $14) 20... Qxc4 21. Bxc4 Nd4 22. Bxd4 Bxd4 23. Ke2 Rc8 24. Rc1 Kd8 25. Rc2 $11 b5 26. axb5 axb5 27. Kd3 Bxf2 28. Rxf2 Rxc4 29. Rxf7 Rxb4 30. Rg7 Rb2 31. Rxg6 Rxg2 32. h5 Rh2 33. h6 g3 34. Kd4 g2 35. Kc5 Rxh6 36. Rxg2 Kd7 37. Rb2 Rh1 38. Rxb5 Rc1+ 39. Kd4 Rd1+ 40. Kc4 Rc1+ 41. Kd4 1/2-1/2

[Event "GEO-ch 1st League 2021"]
[Site "Tbilisi"]
[Date "2021.03.31"]
[Round "3.10"]
[White "Darsadze, Nikoloz"]
[Black "Mindiashvili, Tengiz"]
[Result "0-1"]
[ECO "D02"]
[WhiteElo "1694"]
[BlackElo "1923"]
[Annotator "NA"]
[PlyCount "48"]
[EventDate "2021.03.29"]
[EventType "swiss"]
[EventCountry "GEO"]
[SourceTitle "playchess.com"]
[Source "ChessBase"]
[SourceQuality "1"]
[TimeControl "5400+30"]

1. d4 Nf6 2. Nf3 e6 3. Bf4 d5 4. e3 Bd6 5. Nbd2 c5 6. dxc5 Bxc5 7. c4 O-O 8. Rc1 d4 9. exd4 Bxd4 10. Qc2 e5 11. Bg5 Nc6 12. a3 h6 13. Bxf6 Qxf6 14. Bd3 Bb6 15. O-O Qf4 (15... Qe7 $15) 16. Be4 Be6 17. b4 Rad8 18. Rcd1 Rd7 19. Bxc6 (19. Nb3 $14) 19... bxc6 20. Rfe1 Bf5 21. Qa2 $19 (21. Qc1 $1 $15 f6 22. c5) 21... e4 22. g3 Rxd2 23. Rxd2 Qxf3 24. c5 Bh3 0-1